 Dungeon Crawl Stone Soup version 0.19.5 (webtiles) character file.

42 pps the Charlatan (level 3, -6/18 HPs)
             Began as a Spriggan Artificer on Mar 28, 2017.
             Mangled by a worm (8 damage)
             ... on level 1 of the Dungeon.
             The game lasted 00:06:02 (1511 turns).

pps the Charlatan (Spriggan Artificer)              Turns: 1511, Time: 00:06:03

Health: -6/18      AC:  2    Str:  9    XL:     3   Next: 33%
Magic:  7/7        EV: 19    Int: 12    God:
Gold:   39         SH:  0    Dex: 16    Spells: 0 memorised, 2 levels left

rFire  . . .     SeeInvis +     q - +0 hunting sling
rCold  . . .     Gourm    .     b - +0 robe
rNeg   . . .     Faith    .     (shield restricted)
rPois  .         Spirit   .     (helmet restricted)
rElec  .         Reflect  .     (no cloak)
rCorr  .         Harm     .     (gloves unavailable)
MR     .....                    (boots unavailable)
Stlth  ++........               (no amulet)
                                (no ring)
                                (no ring)

@: very quick
A: unfitting armour, see invisible, herbivore 3, speed 3, slow metabolism 2
a: no special abilities


You were on level 1 of the Dungeon.
You were not hungry.

You visited 1 branch of the dungeon, and saw 2 of its levels.

You collected 39 gold pieces.

Inventory:

Hand Weapons
 a - a +0 short sword
 o - a +0 whip
 q - a +0 hunting sling (weapon)
Missiles
 g - 64 stones (quivered)
 m - 6 needles of sleeping
Armour
 b - a +0 robe (worn)
Jewellery
 l - an uncursed ring of positive energy {unknown}
 p - an uncursed ring of protection from magic {unknown}
Wands
 c - a wand of flame (15/48)
 d - a wand of enslavement (15/24)
 e - a wand of random effects (15/48)
Scrolls
 i - a scroll of blinking {unknown}
 j - 3 scrolls of immolation {unknown}
 r - 2 scrolls of identify {unknown}
Potions
 k - a potion of beneficial mutation {unknown}
 n - a potion of brilliance {unknown}
Comestibles
 f - a bread ration


   Skills:
 + Level 1.2 Fighting
 + Level 1.8 Short Blades
 + Level 0.2 Slings
 + Level 3.5 Dodging
 + Level 1.7 Stealth
 + Level 4.9 Evocations


You had 2 spell levels left.
You didn't know any spells.

Dungeon Overview and Level Annotations

Branches:
Dungeon (2/15)

Altars:


Innate Abilities, Weirdness & Mutations

You are very small and have problems with some larger weapons.
You are too small for most types of armour.
You have supernaturally acute eyesight. (SInv)
You are a herbivore.
You cover ground extremely quickly.
You need consume almost no food.


Message History

* * * LOW HITPOINT WARNING * * *
The bat completely misses you.
The leopard gecko hisses angrily.
The bat closely misses you. The bat misses you.
There is a stone staircase leading up here.
The bat hits you.
* * * LOW HITPOINT WARNING * * *
The leopard gecko closely misses you. The worm completely misses you.
You climb upwards.
There is a stone staircase leading down here.
Really attack while wielding your +0 hunting sling?
Okay, then.
Firing (i - inventory):
g - 65 stones (quivered)
Press: ? - help, Shift-Dir - straight line, f - bat
Aim: a bat You shoot a stone.
The stone barely misses the bat.
The bat hits you.
* * * LOW HITPOINT WARNING * * *
The worm bites you!
You die...

#.##..######.## #.#≈#######≈
#.##..## #.# ##.≈≈≈≈≈≈≈≈≈
#.##...# #.# ##.#.##.##.#
#.##†#.#####.####.###..###.#
#.#..#.##..........#..## #.#
#.#..#.##.##.######.#.# #).
#.#..#.##.##.# #.#†# ###
#.#..#.#..##w# #.#.# #
#........b.@># #.#.# #
###..###..#########.#.# #
#........)..........# #
##.###..#########.### # #.#
#..# #.# # #.# #..#
#.######## #.#
#..#########.##......
#.###...............#####
#...÷..........###.######


You could see a worm and a bat.

Vanquished Creatures
  3 dart slugs
  3 leopard geckos (D:1)
  3 bats (D:1)
  2 giant cockroaches (D:1)
  5 goblins (D:1)
  7 hobgoblins
  2 frilled lizards (D:1)
  2 kobolds (D:1)
  2 quokka zombies (D:1)
  A rat (D:1)
30 creatures vanquished.

Notes
Turn   | Place    | Note
-------+----------+-------------------------------------------
     0 | D:1      | pps the Spriggan Artificer began the quest for the Orb.
     0 | D:1      | Reached XP level 1. HP: 9/9 MP: 4/4
   364 | D:1      | Reached XP level 2. HP: 9/14 MP: 6/6
   456 | D:1      | Reached skill level 1 in Fighting
   953 | D:1      | Reached XP level 3. HP: 18/18 MP: 7/7
  1511 | D:1      | Mangled by a worm

Skill      XL: |  1  2 |
---------------+-------+-----
Fighting       | 1 |  1.2
Short Blades   | |  1.8
Slings         | |  0.2
Dodging        | |  3.5
Stealth        | |  1.7
Evocations     | |  4.9

Action                   || total
-------------------------++-------
Melee: Short sword       ||    94
 Fire: Hunting sling     ||    26
 Stab: Sleeping          ||     4
Armor: Robe              ||    14
Dodge: Dodged            ||   118
